 Dungeon Crawl Stone Soup version 0.18-a0-425-ge088ad1 (webtiles) character file.

359352 Aethei the Slayer (level 21, -5/310 HPs)
             Began as a Minotaur Fighter on Nov 24, 2015.
             Was the Champion of Qazlal.
             Slain by an ironheart preserver
             ... wielding a +0 flail
             ... led by a vault warden
              (6 damage)
             ... on level 4 of the Vaults on Nov 30, 2015.
             The game lasted 03:58:31 (54117 turns).

Aethei the Slayer (Minotaur Fighter)               Turns: 54117, Time: 03:58:32

Health: -5/310     AC: 33    Str: 26    XL:     21   Next: 45%
Magic:  35/35      EV:  2    Int:  3    God:    Qazlal [******]
Gold:   3188       SH: 29    Dex: 19    Spells: 0 memorised, 20 levels left

rFire  + . .     SeeInvis .     Q - +5 demon blade of Tender Mercy {elec, *Noise rF+ MR++}
rCold  + . .     Clarity  +     (armour currently unavailable)
rNeg   + + +     SustAt   .     F - +4 shield
rPois  +         Gourm    .     (helmet currently unavailable)
rElec  .         Spirit   .     (cloak currently unavailable)
rCorr  .         Dsmss    .     (gloves currently unavailable)
rMut   .         NoTele   +     (boots currently unavailable)
MR     +++..                    T - amulet of clarity
Stlth  +.........               i - +4 ring of dexterity
                                R - ring "Joevopp" {rC+ MP+9}

@: tree-form, protected from physical damage, very slightly contaminated, repel
missiles, extremely resistant to hostile enchantments, very unstealthy
A: (retaliatory headbutt), (horns 0), breathe flames 1, dopey 1
a: Upheaval, Elemental Force, Disaster Area, Renounce Religion, Breathe Fire
}: 2/15 runes: barnacled, gossamer


You were on level 4 of the Vaults.
You worshipped Qazlal.
Qazlal was exalted by your worship.
You were not hungry.
You were a tree.
You visited 6 branches of the dungeon, and saw 40 of its levels.
You also visited: Labyrinth, Bailey and Ice Cave.

You collected 5012 gold pieces.
You spent 1824 gold pieces at shops.

Inventory:

Hand Weapons
 t - a +0 scimitar
 P - a +3 long sword
 Q - the +5 demon blade of Tender Mercy (weapon) {elec, *Noise rF+ MR++}
   (You found it on level 6 of the Lair of Beasts)

   Occasionally, upon striking a foe, it will discharge some electrical energy
   and cause terrible harm.
   It protects you from fire.
   It affects your resistance to hostile enchantments.
   It may make noises in combat.
Missiles
 H - 69 tomahawks (quivered)
Armour
 b - a +1 hat (melded)
 c - the +3 pair of gauntlets of War (melded) {Slay+5}
   (You acquired it on level 4 of the Shoals)

   It affects your accuracy and damage with ranged weapons and melee attacks
   (+5).
 d - a +1 plate armour of magic resistance
 w - a +0 cloak (melded)
 E - a +2 pair of boots (melded)
 F - a +4 shield (worn)
 I - a +2 plate armour of cold resistance
 J - a +6 plate armour of poison resistance
 L - the +7 plate armour of Defiance (melded) {+Inv rF+}
   (You bought it in a shop on level 3 of the Shoals)

   It protects you from fire.
   It lets you turn invisible.
Jewellery
 f - an uncursed ring of see invisible
 i - a +4 ring of dexterity (right branch)
 v - a +3 ring of protection
 A - an uncursed ring of protection from fire
 R - the ring "Joevopp" (left branch) {rC+ MP+9}
   (You took it off an ironbrand convoker on level 4 of the Vaults)

   [ring of protection from cold]

   It protects you from cold.
   It affects your magic capacity (+9).
 T - an amulet of clarity (around neck)
Wands
 o - a wand of enslavement (8)
 D - a wand of teleportation (1)
 U - a wand of invisibility (3)
Scrolls
 a - a scroll of silence
 g - 13 scrolls of remove curse
 k - 2 scrolls of summoning
 q - 2 scrolls of teleportation
 s - 3 scrolls of fear
 y - 7 scrolls of magic mapping
 G - 5 scrolls of fog
 M - 3 scrolls of brand weapon
 O - 12 scrolls of identify
 S - 5 scrolls of enchant weapon
 W - a scroll of enchant armour
Potions
 j - a potion of lignification
 l - 2 potions of flight
 n - 6 potions of cancellation
 B - 3 potions of ambrosia
 X - 3 potions of might
 Y - 3 potions of agility
Miscellaneous
 p - a fan of gales (inert)
 N - a stone of tremors (inert)
 V - a lamp of fire
Comestibles
 e - 16 bread rations
 h - 16 beef jerkies
 m - 29 meat rations
 x - 16 fruits
 z - 13 royal jellies
 C - 7 slices of pizza


   Skills:
 + Level 22.3 Fighting
 + Level 19.9 Long Blades
 + Level 20.5 Armour
 + Level 12.6 Dodging
 - Level 19.2 Shields
 - Level 7.5 Invocations
 - Level 8.6 Evocations


You had 20 spell levels left.
You didn't know any spells.

Dungeon Overview and Level Annotations

Branches:
Dungeon (15/15)            Temple (0/1) D:4            Lair (8/8) D:10
 Shoals (4/4) Lair:5       Spider (4/4) Lair:4        Slime (0/6) Lair:7
    Orc (4/4) D:9             Elf (0/3) Orc:3        Vaults (5/5) D:13
  Crypt (0/3) Vaults:3     Depths (0/5) D:15

Altars:
Ashenzari
Elyvilon
Fedhas
Gozag
Kikubaaqudgha
Qazlal
Ru
Sif Muna
Trog
Vehumet
Xom
The Shining One
Beogh

Shops:
D:4 [   D:10 ?%%   D:14 (   Orc:2 [   Orc:4 (!%(   Shoals:1 =   Shoals:3 *
Vaults:4 [

Annotations:
Lair:3 exclusion: oklob plant
Vaults:5 Saint Roka; yottam's ghost, veteran HuWn


Innate Abilities, Weirdness & Mutations

((You reflexively headbutt those who attack you in melee.))
((You have a pair of horns on your head.))
You can breathe flames.
You are dopey. (Int -2)


Message History

Your air elemental hits the titan!
You hit the titan but do no damage.
The titan is heavily wounded.
Your air elemental hits the ogre!
Your air elemental hits the titan.
You block the titan's attack.
You hit the titan.
The titan is heavily wounded.
Your air elemental hits the titan but does no damage.
Your air elemental hits the ogre!
Your air elemental hits the titan.
Your air elemental hits the ogre.
You slice the titan!!
The titan is severely wounded.
Your air elemental hits the titan.
Your air elemental hits the ogre!
The titan hits you!!!
* * * LOW HITPOINT WARNING * * *
You feel more protected from physical attacks.
The titan waves its arms in wide circles.
The air twists around and strikes you!
The ironheart preserver hits you with a flail.
You die...

#.....##...
#.....##...
########
#.....##...
#......#
#.....###''
#......#
#.....#....
#......#
#.....#...#
#.§.§§.#
#.[...#...#
#...§§.#
#.....#.###
#.§♣.§.#
#.....#....
#..Cp§.#
#.....#....
#§§OE..#
#.....#....
#.E.C..#
#.....#.###
#......#
#.....#...#
#......#
#.....'§§.#
####.###
#.....#....
##.§§..##
#.....#####
##....(..###.....#


You could see an ironheart preserver, 2 titans, an ogre and 2 friendly air
elementals.

Vanquished Creatures
  Xtahua (Vaults:4)
  A tentacled monstrosity (Vaults:4)
  2 quicksilver dragons (Vaults:4)
  2 titans
  2 krakens (Shoals:3)
  Polyphemus (Shoals:4)
  Gastronok (D:9)
  A sphinx (Vaults:1)
  Frances (Spider:1)
  Kirke (Lair:5)
  A tengu reaver (Vaults:5)
  The ghost of edsrzf the Spry, an adept DECj of Vehumet (Spider:3)
  Ilsuiw (Shoals:4)
  3 shadow dragons (Vaults:5)
  2 frost giants (Vaults:4)
  Donald (Orc:4)
  3 deep elf sorcerers
  3 emperor scorpions
  An iron dragon (Vaults:5)
  5 ghost moths
  Aizul (Spider:2)
  Louise (Spider:2)
  A fire giant (Vaults:5)
  14 vault wardens
  2 very ugly things
  11 ironheart preservers
  3 war gargoyles (Vaults:4)
  10 stone giants
  Nessos (D:15)
  3 deep elf demonologists
  A salamander stormcaller (D:14)
  2 spark wasps (Spider:4)
  Azrael (Spider:3)
  6 dire elephants (Lair:8)
  An eidolon (Vaults:3)
  4 ettins (Vaults:4)
  Snorg (Lair:5)
  6 merfolk javelineers
  30 vault guards
  A fire dragon (Vaults:2)
  A deep elf high priest (Vaults:4)
  11 ogre magi
  7 merfolk impalers
  A rakshasa (Vaults:2)
  3 slime creatures
  A minotaur (Lab)
  3 ice dragons
  9 yaktaur captains
  5 hydras
  Harold (D:11)
  A catoblepas (Shoals:4)
  2 great orbs of eyes
  An entropy weaver (Spider:1)
  An anaconda (Lair:8)
  2 alligator snapping turtles (Shoals:3)
  5 merfolk aquamancers
  A death knight (Vaults:3)
  An anaconda (shapeshifter) (Vaults:2)
  4 satyrs (Shoals:3)
  5 orc high priests
  3 centaur warriors
  The ghost of Haruko the Blocker, a novice FoFi (Bailey)
  A dancing weapon (Vaults:4)
  A queen ant (Spider:1)
  3 deep troll earth magi
  18 death yaks
  A tengu warrior (D:12)
  4 deep elf knights
  4 fire crabs
  The ghost of chequers the Martial Artist, a novice OpMo of Gozag (Bailey)
  The ghost of edsrzf the Thaumaturge, a novice OpTm of Gozag (D:9)
  The ghost of edsrzf the Thaumaturge, a novice DEWn of Gozag (Lair:1)
  3 shadow wraiths
  6 wizards
  5 necromancers
  An unseen horror (D:12)
  17 orc knights
  14 deep trolls
  12 sea snakes
  A fire crab (shapeshifter) (Vaults:3)
  The ghost of chequers the Martial Artist, a novice OpMo of Gozag (Bailey)
  3 deep elf summoners (Vaults:4)
  20 hill giants
  A phantasmal warrior (Vaults:3)
  A tengu zombie (Vaults:3)
  14 ironbrand convokers
  33 wolf spiders
  10 harpies
  A frost giant zombie (Vaults:3)
  A griffon (shapeshifter) (Vaults:4)
  11 hornets
  22 ugly things
  16 manticores
  2 deep elf conjurers (Vaults:4)
  16 fauns
  14 orb spiders
  16 griffons
  2 moths of wrath
  3 water nymphs
  A sphinx skeleton (Vaults:5)
  6 orc sorcerers
  11 cyclopes
  12 black mambas
  7 elephants
  11 sirens
  4 ice statues (IceCv)
  A torpor snail (shapeshifter) (Vaults:4)
  A torpor snail (Spider:4)
  2 gargoyles
  17 yaktaurs
  9 vault sentinels
  A kobold demonologist (Vaults:2)
  2 spiny frogs (shapeshifter)
  A redback zombie (D:15)
  5 fire drakes
  6 komodo dragons
  13 demonic crawlers
  13 spiny frogs
  6 ice devils (IceCv)
  A jumping spider (shapeshifter) (Vaults:3)
  2 deep elf priests
  4 harpy zombies (Shoals:1)
  31 jumping spiders
  A fire drake (shapeshifter) (D:15)
  18 two-headed ogres
  3 freezing wraiths
  2 polar bears (Orc:1)
  3 wind drakes
  10 trolls
  20 merfolk
  22 blink frogs
  8 boulder beetles
  A griffon zombie (Shoals:1)
  12 snapping turtles
  12 trapdoor spiders
  24 tarantellas
  70 redbacks
  13 deep elf fighters
  A fire bat (Shoals:3)
  5 wraiths
  3 hungry ghosts
  Eustachio (D:5)
  2 deep elf magi
  5 water elementals
  3 wyverns
  38 yaks
  A shadow (D:12)
  7 vampire mosquitoes
  3 fire elementals (Spider:3)
  20 humans (D:13)
  2 hogs (Lair:5)
  4 basilisks
  4 wargs
  9 hippogriffs
  4 hell hounds
  27 wolves
  4 mottled dragons (Vaults:2)
  9 porcupines
  18 soldier ants
  18 water moccasins
  49 orc warriors
  2 black bears
  3 ice beasts
  41 ogres
  6 phantoms
  4 wasps
  2 eyes of draining
  A necrophage (D:11)
  16 centaurs
  2 eyes of draining (shapeshifter)
  12 crocodiles
  8 big kobolds
  4 sky beasts
  3 boggarts (D:15)
  Blork the orc (D:5)
  A wyvern zombie (D:10)
  A human zombie (Vaults:3)
  18 giant frogs
  8 gnoll sergeants (Bailey)
  2 water moccasin zombies
  A wyvern skeleton (D:13)
  4 scorpions
  A hippogriff zombie (Shoals:1)
  13 killer bees
  A wight (Vaults:3)
  7 electric eels
  5 crimson imps
  7 hounds
  11 gnoll shamans
  A human simulacrum (Vaults:3)
  A wasp zombie (D:13)
  8 jellies
  29 orc priests
  5 centaur zombies
  4 giant frog skeletons
  2 giant frog zombies (D:5)
  8 centaur skeletons
  A quasit (D:8)
  Jessica (D:2)
  29 orc wizards
  7 iguanas
  A killer bee zombie (D:10)
  36 worker ants
  4 troll simulacra (IceCv)
  19 sheep
  2 centaur simulacra (IceCv)
  3 hound skeletons
  3 ogre simulacra (IceCv)
  2 worker ant zombies
  15 adders
  A naga simulacrum (IceCv)
  37 gnolls
  77 river rats
  2 shadow imps (D:9)
  5 oozes
  2 adder zombies
  3 worms
  An adder skeleton (D:6)
  4 giant geckos
  179 orcs
  4 giant cockroaches
  3 hobgoblins
  4 quokkas
  A ball python (D:6)
  A ball python zombie (D:3)
  7 bats
  A giant gecko skeleton (D:5)
  A giant gecko zombie (D:6)
  5 giant newts
  5 goblins
  9 jackals
  A jackal skeleton (D:6)
  28 kobolds
  A quokka zombie (D:5)
  8 rats
  A fire vortex (D:14)
  77 fungi
  73 plants
  6 tentacles (Shoals:3)
2020 creatures vanquished.

Vanquished Creatures (collateral kills)
  Rupert (D:15)
  A very ugly thing (Vaults:4)
  2 spark wasps (Spider:4)
  4 hydras
  A deep elf knight (Vaults:4)
  A deep troll (Vaults:5)
  A hill giant (D:15)
  An orb spider (Spider:1)
  An elephant (Lair:3)
  2 jumping spiders (Spider:1)
  A hog (Lair:5)
  A deep elf mage (D:15)
  A wraith (Vaults:1)
  An orc warrior (Vaults:5)
  A wasp (Spider:4)
  An ogre (Vaults:1)
  A centaur (D:15)
  An orc wizard (Orc:4)
  A river rat (Lair:6)
  2 orcs (Orc:3)
26 creatures vanquished.

Vanquished Creatures (others)
  A tengu reaver (Vaults:4)
  A death yak (Shoals:3)
  2 orb spiders (Spider:3)
  An ugly thing (D:14)
  A vault sentinel (Vaults:1)
  2 redbacks (Spider:4)
  A water elemental (Shoals:3)
  2 river rats (Lair:8)
  A bush (Lair:8)
  38 fungi
  32 plants
  14 tentacles (Shoals:3)
  545 tentacle segments (Shoals:3)
641 creatures vanquished.

Grand Total: 2687 creatures vanquished

Notes
Turn   | Place    | Note
--------------------------------------------------------------
     0 | D:1      | Aethei the Minotaur Fighter began the quest for the Orb.
     0 | D:1      | Reached XP level 1. HP: 19/19 MP: 0/0
   154 | D:1      | Reached XP level 2. HP: 27/27 MP: 1/1
   447 | D:1      | Reached skill level 4 in Fighting
   612 | D:1      | Reached XP level 3. HP: 33/33 MP: 2/2
   986 | D:2      | Found an ancient bone altar of Kikubaaqudgha.
  1038 | D:2      | Found a sacrificial altar of Ru.
  1182 | D:2      | Noticed Jessica
  1186 | D:2      | Killed Jessica
  1186 | D:2      | Reached XP level 4. HP: 26/40 MP: 3/3
  1820 | D:3      | Found a stormy altar of Qazlal.
  1835 | D:3      | Became a worshipper of Qazlal Stormbringer
  2207 | D:3      | Reached skill level 5 in Long Blades
  2207 | D:3      | Reached XP level 5. HP: 47/47 MP: 4/4
  2227 | D:3      | Found a white marble altar of Elyvilon.
  2419 | D:3      | Noticed an ogre
  2441 | D:3      | Killed an ogre
  2441 | D:3      | Reached skill level 5 in Fighting
  2970 | D:4      | Reached XP level 6. HP: 56/56 MP: 5/5
  2998 | D:4      | Reached skill level 5 in Shields
  3003 | D:4      | Reached skill level 6 in Long Blades
  3011 | D:4      | Reached * piety under Qazlal
  3153 | D:4      | Found a staircase to the Ecumenical Temple.
  3400 | D:4      | Reached skill level 7 in Long Blades
  3400 | D:4      | Reached XP level 7. HP: 45/62 MP: 6/6
  3664 | D:4      | Found Acriupse's Antique Armour Shoppe.
  3816 | D:4      | Gained mutation: You are agile. (Dex +2) [potion of beneficial mutation]
  4269 | D:5      | Entered Level 5 of the Dungeon
  4287 | D:5      | Noticed Blork the orc
  4314 | D:5      | Killed Blork the orc
  4470 | D:5      | Reached skill level 8 in Long Blades
  4590 | D:5      | Reached XP level 8. HP: 71/71 MP: 7/7
  4641 | D:5      | Noticed Eustachio
  4666 | D:5      | Killed Eustachio
  4666 | D:5      | Reached skill level 9 in Long Blades
  4732 | D:5      | Found a blossoming altar of Fedhas.
  4813 | D:5      | Reached ** piety under Qazlal
  5040 | D:5      | Found a deep blue altar of Sif Muna.
  5317 | D:5      | Found a glowing golden altar of the Shining One.
  5320 | D:5      | Found a sacrificial altar of Ru.
  5637 | D:6      | Reached skill level 10 in Long Blades
  6250 | D:7      | Found a shattered altar of Ashenzari.
  6273 | D:7      | Reached XP level 9. HP: 78/81 MP: 8/8
  7098 | D:8      | Reached skill level 11 in Long Blades
  7326 | D:8      | Reached *** piety under Qazlal
  7970 | D:9      | Found a staircase to the Orcish Mines.
  8171 | D:9      | Noticed edsrzf's ghost (novice OpTm)
  8197 | D:9      | Killed edsrzf's ghost
  8197 | D:9      | Reached skill level 12 in Long Blades
  8197 | D:9      | Reached XP level 10. HP: 78/91 MP: 9/9
  8964 | D:9      | Noticed Gastronok
  8981 | D:9      | Killed Gastronok
  8981 | D:9      | Reached skill level 10 in Fighting
  8981 | D:9      | Reached skill level 13 in Long Blades
  8981 | D:9      | Reached skill level 10 in Shields
  9166 | D:9      | Found a shimmering altar of Xom.
  9169 | D:9      | Found a radiant altar of Vehumet.
  9170 | D:9      | Found an opulent altar of Gozag.
  9233 | D:9      | Found a bloodstained altar of Trog.
  9278 | D:9      | Noticed an orc knight
  9318 | D:9      | Killed an orc knight
  9779 | D:10     | Entered Level 10 of the Dungeon
  9873 | D:10     | Found Ziczukh's Magic Scroll Shop.
  9888 | D:10     | Bought a scroll of enchant weapon for 105 gold pieces
  9888 | D:10     | Bought a scroll of enchant armour for 105 gold pieces
 10096 | D:10     | Found Suuvej's Food Emporium.
 10098 | D:10     | Reached **** piety under Qazlal
 10230 | D:10     | Found a staircase to the Lair.
 10344 | D:10     | Reached XP level 11. HP: 73/101 MP: 10/10
 10365 | D:10     | Reached skill level 14 in Long Blades
 10497 | D:10     | Found Iminiom's Food Shop.
 10639 | D:10     | Reached skill level 1 in Invocations
 11036 | Lair:1   | Entered Level 1 of the Lair of Beasts
 11499 | Lair:1   | Reached skill level 5 in Armour
 11501 | Lair:1   | Noticed edsrzf's ghost (novice DEWn)
 11518 | Lair:1   | Killed edsrzf's ghost
 12973 | Lair:2   | Noticed a four-headed hydra
 12984 | Lair:2   | Killed a four-headed hydra
 13557 | Lair:3   | Reached XP level 12. HP: 103/112 MP: 14/14
 13600 | Lair:3   | Reached ***** piety under Qazlal
 13605 | Lair:3   | Reached skill level 5 in Invocations
 13743 | Lair:3   | Found a labyrinth entrance.
 13854 | Lab      | Entered a labyrinth
 14019 | Lab      | Noticed a minotaur
 14037 | Lab      | Killed a minotaur
 14053 | Lab      | Got a fine ring mail
 14325 | Lair:3   | Identified the +1 ring mail of Sest {+Inv MR+} (You found it in a labyrinth)
 14855 | Lair:3   | Found a blossoming altar of Fedhas.
 15146 | Lair:3   | Upgraded the game from 0.18-a0-226-g62b5303 to 0.18-a0-227-g78e7867
 15648 | Lair:4   | Noticed an eight-headed hydra
 15655 | Lair:4   | Killed an eight-headed hydra
 15953 | Lair:4   | Found a hole to the Spider Nest.
 16322 | Lair:4   | Upgraded the game from 0.18-a0-227-g78e7867 to 0.18-a0-411-g504dfd0
 16361 | Lair:5   | Noticed a five-headed hydra
 16368 | Lair:5   | Noticed a four-headed hydra
 16377 | Lair:4   | Killed a five-headed hydra
 16377 | Lair:4   | Reached XP level 13. HP: 88/122 MP: 6/17
 17524 | Lair:5   | Noticed Snorg
 17547 | Lair:5   | Killed Snorg
 17547 | Lair:5   | Reached skill level 10 in Armour
 17853 | Lair:5   | Noticed Kirke
 17862 | Lair:5   | Killed Kirke
 18343 | Lair:5   | Found a staircase to the Shoals.
 19025 | Lair:6   | Got a twisted demon blade
 19027 | Lair:6   | Identified the +5 demon blade of Tender Mercy {elec, *Noise rF+ MR++} (You found it on level 6 of the Lair of Beasts)
 19954 | Lair:7   | Reached skill level 15 in Shields
 19954 | Lair:7   | Reached XP level 14. HP: 78/133 MP: 18/18
 20359 | Lair:7   | Found a staircase to the Slime Pits.
 20770 | Lair:8   | Entered Level 8 of the Lair of Beasts
 21075 | Lair:8   | Reached skill level 15 in Fighting
 21585 | Lair:8   | Reached skill level 15 in Long Blades
 22831 | Orc:1    | Entered Level 1 of the Orcish Mines
 23105 | Orc:1    | Found a bloodstained altar of Trog.
 23192 | Orc:1    | Reached ****** piety under Qazlal
 23218 | Orc:1    | Found a frozen archway.
 23331 | IceCv    | Entered an ice cave
 23355 | IceCv    | Reached skill level 16 in Shields
 24066 | IceCv    | Gained mutation: You can breathe flames. [potion of beneficial mutation]
 24635 | Orc:2    | Found Efufeal's Antique Armour Shoppe.
 24639 | Orc:2    | Bought a runed hat for 116 gold pieces
 25050 | Orc:2    | Found a roughly hewn altar of Beogh.
 25264 | Orc:3    | Reached XP level 15. HP: 132/143 MP: 19/19
 25707 | Orc:3    | Found a staircase to the Elven Halls.
 25734 | Orc:3    | Found a flagged portal.
 25762 | Bailey   | Entered a bailey
 25764 | Bailey   | Noticed Haruko's ghost (novice FoFi)
 25775 | Bailey   | Killed Haruko's ghost
 25788 | Bailey   | Noticed chequers's ghost (novice OpMo)
 25806 | Bailey   | Killed chequers's ghost
 25860 | Bailey   | Noticed chequers's ghost (novice OpMo)
 25866 | Bailey   | Killed chequers's ghost
 26475 | Orc:4    | Entered Level 4 of the Orcish Mines
 26602 | Orc:4    | Noticed Donald
 26622 | Orc:4    | Killed Donald
 26802 | Orc:4    | Reached skill level 1 in Evocations
 26887 | Orc:4    | Lost mutation: You are agile. (Dex +2) [a neqoxec]
 27321 | Orc:4    | Found Leykeligh's Weapon Shop.
 27325 | Orc:4    | Found Mohexzoq's Distillery.
 27331 | Orc:4    | Bought a potion of heal wounds for 70 gold pieces
 27331 | Orc:4    | Found Hikkucar's Food Shoppe.
 27333 | Orc:4    | Found Idduak's Antique Weapon Shop.
 28150 | D:11     | Reached skill level 17 in Shields
 28829 | D:11     | Noticed Harold
 28838 | D:11     | Killed Harold
 30596 | D:13     | Reached XP level 16. HP: 148/154 MP: 20/20
 30816 | D:13     | Found a gate to the Vaults.
 32145 | D:14     | Found Vacsoi's Antique Weapon Emporium.
 33011 | D:15     | Entered Level 15 of the Dungeon
 33023 | D:15     | Got a serpentine ivory ring
 33025 | D:15     | Identified the ring of the Oligarchy {+/*Tele Dex+9} (You found it on level 15 of the Dungeon)
 33137 | D:15     | Noticed Nessos
 33148 | D:15     | Killed Nessos
 33148 | D:15     | Reached skill level 5 in Evocations
 33316 | D:15     | Noticed Rupert
 33324 | D:15     | Killed Rupert
 33368 | D:15     | Reached skill level 15 in Armour
 33728 | D:15     | Found a staircase to the Depths.
 34485 | Spider:1 | Entered Level 1 of the Spider Nest
 34523 | Spider:1 | Noticed Frances
 34778 | Spider:1 | Killed Frances
 34778 | Spider:1 | Reached skill level 18 in Shields
 35589 | Spider:2 | Noticed Aizul
 35598 | Spider:2 | Killed Aizul
 35733 | Spider:2 | Noticed Louise
 35746 | Spider:2 | Killed Louise
 36105 | Spider:2 | Reached XP level 17. HP: 163/163 MP: 21/21
 36780 | Spider:3 | Noticed Azrael
 36795 | Spider:3 | Killed Azrael
 36808 | Spider:3 | Noticed edsrzf's ghost (adept DECj)
 37505 | Spider:3 | Killed edsrzf's ghost
 37949 | Spider:4 | Entered Level 4 of the Spider Nest
 38608 | Spider:4 | Reached skill level 19 in Shields
 39952 | Spider:4 | Got a gossamer rune of Zot
 40603 | Shoals:1 | Entered Level 1 of the Shoals
 40641 | Shoals:1 | Reached skill level 1 in Dodging
 40647 | Shoals:1 | Reached XP level 18. HP: 146/176 MP: 23/23
 40706 | Shoals:1 | Found Jiuren's Jewellery Shoppe.
 42711 | Shoals:3 | Found Neufugot's General Store.
 42724 | Shoals:3 | Bought the +7 plate armour of Defiance {+Inv rF+} for 948 gold pieces
 42724 | Shoals:3 | Bought a stone of tremors for 480 gold pieces
 43525 | Shoals:4 | Entered Level 4 of the Shoals
 43525 | Shoals:4 | Noticed Ilsuiw
 43828 | Shoals:4 | Reached skill level 5 in Dodging
 43846 | Shoals:4 | Killed Ilsuiw
 44184 | Shoals:4 | Noticed Polyphemus
 45181 | Shoals:4 | Killed Polyphemus
 45313 | Shoals:4 | Reached skill level 20 in Fighting
 45358 | Shoals:4 | Identified the Handbook of Fascination (You found it on level 4 of the Shoals)
 45372 | Shoals:4 | Identified a scroll of acquirement
 45559 | Shoals:4 | Got a barnacled rune of Zot
 45714 | Shoals:3 | Upgraded the game from 0.18-a0-411-g504dfd0 to 0.18-a0-425-ge088ad1
 46053 | Vaults:1 | Entered Level 1 of the Vaults
 46117 | Vaults:1 | Reached XP level 19. HP: 166/185 MP: 24/24
 46259 | Vaults:1 | Gained mutation: You are dopey. (Int -2) [a cacodemon]
 48272 | Vaults:2 | Found a roughly hewn altar of Beogh.
 49653 | Vaults:3 | Reached skill level 21 in Fighting
 49765 | Vaults:3 | Reached XP level 20. HP: 195/198 MP: 25/25
 50292 | Vaults:3 | Found a staircase to the Crypt.
 50630 | Vaults:3 | Reached skill level 10 in Dodging
 51345 | Vaults:4 | Found Sopt's Armour Shoppe.
 51964 | Vaults:4 | Noticed Xtahua
 51973 | Vaults:4 | Killed Xtahua
 52214 | Vaults:5 | Entered Level 5 of the Vaults
 52216 | Vaults:5 | Noticed a golden dragon
 52781 | Vaults:4 | Reached XP level 21. HP: 150/206 MP: 26/26
 52910 | Vaults:5 | Noticed yottam's ghost (veteran HuWn)
 52958 | Vaults:4 | Got a wavering platinum ring
 52963 | Vaults:4 | Identified the ring "Joevopp" {rC+ MP+9} (You took it off an ironbrand convoker on level 4 of the Vaults)
 53009 | Vaults:4 | Reached skill level 22 in Fighting
 53360 | Vaults:5 | Noticed Saint Roka
 54117 | Vaults:4 | HP: 1/310 [titan (39)]
 54117 | Vaults:4 | Slain by an ironheart preserver

Vault maps used:
D:1:      dpeg_arrival_circle_labyrinth_a, grunt_decor_fettered, hex_medium,
          roderic_lattice_a
D:2:      nicolae_overflow_crystal_walls, grunt_ministairs_11,
          hangedman_ru_absence, uniq_jessica
D:3:      lemuel_crystal_altar, lemuel_doored_altar, serial_undead,
          serial_undead_f, serial_undead_a, serial_undead_c, serial_undead_e
D:4:      minmay_temple_entry_overgrown, serial_shops, kennysheep_mini_moat
D:5:      kennysheep_little_box, grunt_temple_overflow_diamond, first_bread,
          uniq_eustachio, uniq_blork_the_orc
D:7:      nicolae_ashenzari_panopticon
D:9:      statuecave_lemuel, minitemple, bloody_trog, orc_0_dummy,
          uniq_gastronok
D:10:     lair_0_dummy, serial_shops, shop_statue, nicolae_shop_stone,
          shop_scrolls
D:11:     kennysheep_seaside_town, uniq_harold
D:12:     hangedman_pestilent_swarm
D:13:     grunt_vaults_entry_tiered
D:14:     serial_shops, nicolae_shop_crystal, interstate_on_off
D:15:     grunt_enter_depths_hoard, grunt_decor_clamped, uniq_rupert,
          uniq_nessos
Lair:1:   grunt_megastairs_3
Lair:3:   lab_entry_generic, serial_bayou_pond_c, tgw_fedhas
Lair:4:   beast_lair_carwin_large_1, spider_nest_entry_web_field
Lair:5:   minmay_shoals_entry_hut, eino_small_chamber_without_monster,
          nicolae_quartered_pool_super, uniq_kirke, uniq_snorg
Lair:6:   serial_forest, infiniplex_forest_zigzag_1,
          infiniplex_forest_lined_room_2, infiniplex_forest_lined_2,
          infiniplex_forest_end_3, infiniplex_forest_3_way,
          infiniplex_forest_straight_4
Lair:7:   nicolae_slime_entry_slimehenge, hangedman_lair_generics_rect,
          serial_bayou_shore_b, lemuel_fruit_tree, bh_autumn_forest_stairs
Lair:8:   due_jungle_book, minivault_11, infiniplex_staircase_pool
Shoals:1: serial_shops, shop, nicolae_shoals_undead_eyrie
Shoals:3: serial_shops, nicolae_shop_trees, hangedman_shoal_volcano
Shoals:4: shoals_end_grunt_garden, shoal_ilsuiw, uniq_polyphemus
Spider:1: nicolae_spider_mines_1, zaba_antful_of_joy, uniq_frances
Spider:2: uniq_aizul, uniq_louise
Spider:3: uniq_azrael
Spider:4: spider_rune_water
Orc:1:    portal_ice_cave_entry_animals_and_master, nicolae_orc_pool_cavern,
          trog_butcher_becter
Orc:2:    serial_shops, shop, nicolae_orc_sculptors_studio, lemuel_statue_altar
Orc:3:    giant_chief_lemuel, enter_bailey_2, lightli_orcish_oven
Orc:4:    st_orc_elflike, uniq_donald
Vaults:1: ontoclasm_vaults_chip, v_misc_28, vaults_room_grunt_arrival_ludios,
          nicolae_vaults_alarming, grunt_vaults_funnel,
          vaults_dpeg_encased_lava, nicolae_vaults_border_crossing,
          nicolae_vaults_little_squares_4
Vaults:2: hangedman_vaults_stretched_pinwheel, hangedman_vaults_stitches,
          nicolae_vaults_windows_and_doors_thing, vaults_room_door_hall,
          nicolae_vaults_little_squares_6, special_room_vaults,
          hangedman_vaults_river_flow, v_misc_13, v_alt_pattern_6, v_misc_32
Vaults:3: nicolae_vaults_angled_halls, v_alt_pattern_5,
          minmay_crypt_entry_simple_box, vaults_mumra_chevron_long, v_misc_14,
          vaults_room_pools, ontoclasm_vaults_chip, v_pattern_2,
          nicolae_vaults_ninety_degrees, v_misc_33, v_alt_pattern_1,
          hangedman_vaults_corner, vaults_mumra_chevron, vaults_mumra_lcd
Vaults:4: hangedman_vaults_impose, ontoclasm_vaults_chip, v_misc_2,
          v_alt_pattern_1, vaults_room_fours, vaults_room_corners,
          vaults_room_fours, vaults_mumra_hex, st_lines,
          grunt_vaults_hallway_short, ontoclasm_vaults_gateway, serial_shops,
          shop, uniq_xtahua
Vaults:5: uniq_saint_roka
Lab:      labyrinth_watery, nicolae_lab_starburst
Bailey:   bailey_polearm_gnolls_kennysheep, bailey
IceCv:    ice_cave_tombish

Action                   |  1- 3 |  4- 6 |  7- 9 | 10-12 | 13-15 | 16-18 | 19-21 || total
-------------------------+-------+-------+-------+-------+-------+-------+-------++-------
Melee: Long sword        |    74 |   123 |   368 |   712 |   159 |       |       ||  1436
       Flail             |       |       |       |     8 |    19 |       |       ||    27
       Demon blade       |       |       |       |       |  1335 |  1609 |  1209 ||  4153
Throw: Tomahawk          |       |       |     3 |       |       |    20 |       ||    23
Invok: Elemental Force   |       |       |       |     5 |     6 |     7 |     3 ||    21
       Upheaval          |       |       |       |     2 |       |     2 |       ||     4
       Disaster Area     |       |       |       |       |       |     1 |     1 ||     2
Evoke: Wand              |       |       |       |     3 |     3 |     6 |       ||    12
       Lamp of fire      |       |       |       |       |     3 |     4 |     4 ||    11
       Fan of gales      |       |       |       |       |     2 |     3 |     1 ||     6
       Stone of tremors  |       |       |       |       |       |     1 |     2 ||     3
  Use: Scroll            |     3 |     1 |    14 |    16 |     7 |    15 |    13 ||    69
       Potion            |     1 |     1 |     1 |     1 |     3 |    15 |     5 ||    27
 Stab: Distracted        |       |       |       |     1 |     2 |     1 |       ||     4
       Held in net/web   |       |       |       |       |       |     3 |       ||     3
  Eat: Chunk             |     1 |     7 |    19 |    23 |    41 |    41 |    22 ||   154
       Fruit             |       |       |       |     3 |     1 |       |       ||     4
       Bread ration      |       |       |       |       |     1 |       |     1 ||     2
       Pizza             |       |       |       |       |       |     4 |       ||     4
       Meat ration       |       |       |       |       |       |     1 |       ||     1
